 Dungeon Crawl Stone Soup version 0.31.0-11-ge490571c62 (webtiles) character file.

Game seed: 18116483864920095952

6202 sanka the Grappler (level 10, -1/96 HPs)
             Began as a Troll Monk on Feb 2, 2024.
             Was the Champion of Zin.
             Slain by a gnoll sergeant
             ... wielding a +2 spear of venom
              (6 damage)
             ... on level 9 of the Dungeon.
             The game lasted 00:12:03 (8857 turns).

sanka the Grappler (Troll Monk)                     Turns: 8857, Time: 00:12:03

Health: -1/96      AC: 14    Str: 24    XL:     10   Next: 61%
Magic:  15/15      EV:  7    Int:  9    God:    Zin [******]
Gold:   537        SH:  0    Dex: 19    Spells: 9/9 levels left

rFire   . .          .
                       - Unarmed
rCold   . . .        c - orb {light}
rNeg    + . .        a - +0 shadow dragon scales
rPois   ∞            (helmet restricted)
rElec   .            p - +0 cloak
rCorr   +            (gloves unavailable)
SInv    .            (boots unavailable)
Will    .....        g - amulet of the acrobat
Stlth   +            q - ring of resist corrosion
HPRegen 1.16/turn    s - ring of positive energy
MPRegen 0.14/turn

%: acrobat
@: vitalised, glowing
A: large, unfitting armour, claws 3, regeneration 1, shaggy fur 1, tough skin 1
a: Renounce Religion, Recite, Vitalisation, Imprison, Sanctuary, Donate Gold


You were on level 9 of the Dungeon.
You worshipped Zin.
Zin was exalted by your worship.
You visited 2 branches of the dungeon, and saw 10 of its levels.
You also visited: Ossuary.

You collected 596 gold pieces.
You donated 59 gold pieces to Zin.


Innate Abilities, Weirdness & Mutations

You are too large for most types of armour.
You have claws for hands.
Your natural rate of healing is unusually fast.
You are covered in fur. (AC +1)
You have tough skin. (AC +1)


   Skills:
 + Level 5.1 Fighting
 - Level 2.4 Dodging
 + Level 4.3 Shields
 + Level 11.6 Unarmed Combat
 + Level 8.2 Invocations


You had 9 spell levels left.
You didn't know any spells.
Your spell library contained the following spells:

 Spells                   Type           Power      Damage    Failure   Level
 Mercury Vapours          Alch/Air       0%         N/A       99%         2
 Gell's Gravitas          Tloc           0%         N/A       100%        3
 Mephitic Cloud           Conj/Alch/Air  0%         N/A       100%        3
 Summon Ice Beast         Ice/Summ       0%         N/A       100%        3
 Teleport Other           Tloc           0%         N/A       100%        3
 Manifold Assault         Tloc           0%         N/A       100%        4
 Freezing Cloud           Conj/Ice/Air   0%         6-21      100%        5
 Summon Mana Viper        Hex/Summ       0%         N/A       100%        5
 Dispersal                Tloc           0%         N/A       100%        6
 Monstrous Menagerie      Summ           0%         N/A       100%        7
 Disjunction              Tloc           0%         N/A       100%        8

Inventory:

Missiles
 F - 3 curare-tipped darts {=f}
Armour
 a - +0 shadow dragon scales (worn)
 c - an orb of light (worn)
 p - a +0 cloak (worn)
 H - a +0 kite shield
Jewellery
 g - an amulet of the acrobat (around neck)
 l - an amulet of reflection
 q - a ring of resist corrosion (left claw)
 s - a ring of positive energy (right claw)
 I - a ring of fire
Wands
 m - a wand of polymorph (8)
 w - a wand of roots (16)
 G - a wand of flame (17)
 M - a wand of digging (2)
Scrolls
 d - 5 scrolls of fear {unknown}
 e - 2 scrolls of immolation {unknown}
 f - 14 scrolls of identify {unknown}
 i - 5 scrolls of teleportation {unknown}
 j - 3 scrolls of fog {unknown}
 n - 3 scrolls of poison {!r}
 o - a scroll of blinking {unknown}
 t - a scroll of revelation {unknown}
 v - 2 scrolls of amnesia {unknown}
 y - 2 scrolls of butterflies {unknown}
 D - 3 scrolls of noise {!r}
 J - a scroll of enchant weapon {unknown}
 K - 2 scrolls of enchant armour {unknown}
 L - a scroll of silence {unknown}
Potions
 b - a potion of ambrosia
 h - 7 potions of curing {@q1}
 k - a potion of lignification {unknown}
 r - a potion of cancellation {unknown}
 u - 4 potions of attraction {unknown}
 x - 2 potions of resistance {unknown}
 z - 2 potions of haste {unknown}
 A - 5 potions of might {unknown}
 B - 2 potions of berserk rage {unknown}
 C - 2 potions of heal wounds {unknown}
 E - 6 potions of mutation {!q}

Dungeon Overview and Level Annotations

Branches:
Dungeon (9/15)             Temple (1/1) D:6             Orc (0/2) D:9
Ossuary (visited)
   Lair: D:8-11

Altars:
Ashenzari
Cheibriados
Dithmenos
Elyvilon
Fedhas
Gozag
Hepliaklqana
Makhleb
Nemelex Xobeh
Okawaru
Qazlal
Ru
Sif Muna
Trog
Uskayaw
Vehumet
Wu Jian
Xom
Yredelemnul
Zin
The Shining One

Shops:
D:6 *

Annotations:
D:9 exclusion: downstairs

...≈≈~.▒.....▒..........
..▒≈≈▒.▒.....▒..........
▒.▒≈≈▒▒▒.....▒.......... ▒....
▒.▒▒ ▒.....▒.......... ▒...g
▒.▒▒▒▒ ▒▒▒▒▒▒▒▒......... ▒....
▒....▒▒▒▒....▒▒......... ▒....
▒.....▒.▒............... ▒....
▒.....▒.▒............... ...
▒.....▒T▒....▒▒▒▒▒▒▒▒▒▒▒
▒▒▒▒'▒▒▒▒▒.....▒)▒....▒........▒
...............▒gg.....~▒▒...▒▒▒
............g...g▒▒'▒~~~~▒▒▒.▒
.▒▒▒▒▒▒..K..........▒▒▒~~~~▒▒▒
▒............▒▒ ▒▒▒~~~~~
▒....▒▒▒.....▒ ▒▒▒▒~ ▒▒▒▒▒▒....▒
▒.....▒ ...........▒ ▒.....▒


You could see a gnoll sergeant and 2 gnolls.


Message History

The kobold brigand hits you but does no damage.
The gnoll hits you from afar with a +0 spear.
* * * LOW HITPOINT WARNING * * *
The gnoll sergeant hits you but does no damage.
Your divine stamina protects you from poison!
Unknown command.
You barely miss the kobold brigand.
The kobold brigand is severely wounded.
You feel yourself speed up.
The kobold brigand hits you but does no damage.
The gnoll hits you from afar with a +0 spear.
* * * LOW HITPOINT WARNING * * *
The gnoll sergeant hits you but does no damage.
Your divine stamina protects you from poison!
The kobold brigand hits you but does no damage.
The gnoll barely misses you.
Unknown command.
You scratch the kobold brigand.
The kobold brigand is almost dead.
The gnoll sergeant hits you from afar with a +2 spear of venom.
* * * LOW HITPOINT WARNING * * *
Your divine stamina protects you from poison!
Unknown command.
Unknown command.
You claw the kobold brigand!
You kill the kobold brigand!
The gnoll hits you from afar with a +0 spear.
* * * LOW HITPOINT WARNING * * *
The gnoll sergeant hits you from afar with a +2 spear of venom.
You die...

Action                     |  1- 3 |  4- 6 |  7- 9 | 10-12 || total
---------------------------+-------+-------+-------+-------++-------
  Melee: Unarmed           |    28 |    96 |   295 |   112 ||   531
 Invoke: Vitalisation      |       |       |       |     1 ||     1
    Use: Potion            |       |       |       |     1 ||     1
 Armour: Robe              |    15 |    42 |   143 |    11 ||   211
         Shadow dragon sca |       |       |       |   111 ||   111
  Dodge: Dodged            |     9 |    45 |   169 |    68 ||   291

Levels and vault maps discovered:
D:1:      amcnicky_arrival_abandoned_market, layout_loops_corners,
          minmay_misc_feat_encased
D:2:      layout_rooms, basic_altar, kennysheep_small_spiral, uniq_natasha,
          uniq_sigmund, uniq_jessica
D:3:      layout_basic, led_sif_pool, general_overflow_altar, led_xom_imps,
          jmf_multi_god_temple, hellmonk_ecumenical_altar_heavens_door,
          uniq_robin, uniq_crazy_yiuf_cottage
D:4:      layout_gridville, lemuel_round_altar, mrwooster_statue_mirror,
          minmay_circle_x, uniq_eustachio, uniq_duvessa
D:5:      layout_cave_pools, lemuel_round_altar,
          nicolae_ossuary_entry_catacombs, uniq_ijyb
D:6:      layout_rooms, minmay_temple_entry_antechambers, serial_shops,
          nicolae_shop_real_fake_doors, kennysheep_generic_room_4
D:7:      layout_rooms, minmay_overflow_temple_star_hex
D:8:      layout_loops_cross, vehumet_statue, uniq_psyche, uniq_jeremiah
D:9:      layout_stronghold, trog_hazing_becter, orc_0_dummy, serial_rivers,
          chequers_serial_rivers_small_3, chequers_serial_rivers_small_b,
          chequers_serial_rivers_micro_e, chequers_serial_rivers_micro_d,
          chequers_serial_rivers_large_b, minmay_fractal_squares_5
Temple:   nicolae_temple_little_seven

Notes
Turn   | Place    | Note
-------+----------+-------------------------------------------
     0 | D:1      | sanka the Troll Monk began the quest for the Orb.
     0 | D:1      | Reached XP level 1. HP: 22/22 MP: 0/0
   202 | D:1      | Reached XP level 2. HP: 29/29 MP: 1/1
   864 | D:2      | Noticed Natasha
   864 | D:2      | Noticed Jessica
   873 | D:1      | Killed Natasha
   874 | D:1      | Reached skill level 3 in Fighting
   874 | D:1      | Reached XP level 3. HP: 28/37 MP: 2/2
  1100 | D:1      | Noticed Natasha
  1106 | D:1      | Killed Natasha
  1107 | D:1      | Reached skill level 4 in Unarmed Combat
  2675 | D:1      | Noticed Natasha
  2678 | D:1      | Killed Natasha
  2679 | D:1      | Reached XP level 4. HP: 45/45 MP: 3/3
  3196 | D:2      | Killed Jessica
  3197 | D:2      | Reached skill level 5 in Unarmed Combat
  3322 | D:2      | Noticed Sigmund
  3333 | D:2      | Killed Sigmund
  3334 | D:2      | Reached skill level 6 in Unarmed Combat
  3334 | D:2      | Reached XP level 5. HP: 37/53 MP: 4/4
  3334 | D:2      | Reached XP level 6. HP: 43/61 MP: 5/5
  3366 | D:2      | Found a glowing silver altar of Zin.
  3709 | D:3      | Found a shimmering altar of Xom.
  3754 | D:3      | Reached skill level 7 in Unarmed Combat
  3815 | D:3      | Found a faded altar of an unknown god.
  3852 | D:3      | Found a broken altar of Ashenzari.
  3852 | D:3      | Found a snail-covered altar of Cheibriados.
  3877 | D:3      | Prayed at the altar of an unknown god.
  3877 | D:3      | Became a worshipper of Zin the Law-Giver
  3877 | D:3      | Reached * piety under Zin
  3877 | D:3      | Reached ** piety under Zin
  3877 | D:3      | Reached *** piety under Zin
  3975 | D:3      | Noticed Robin
  3996 | D:3      | Killed Robin
  4032 | D:3      | Found a runed translucent door.
  4033 | D:3      | Noticed Crazy Yiuf
  4113 | D:3      | Found a sparkling altar of Nemelex Xobeh.
  4162 | D:3      | Found a shimmering blue altar of Sif Muna.
  4179 | D:3      | Reached skill level 1 in Invocations
  4187 | D:3      | Reached XP level 7. HP: 67/67 MP: 5/7
  4320 | D:3      | Killed Crazy Yiuf
  4387 | D:4      | Noticed Duvessa
  4387 | D:4      | Noticed Dowan
  4403 | D:4      | Reached skill level 2 in Invocations
  4450 | D:4      | Killed Duvessa
  4451 | D:4      | Reached skill level 8 in Unarmed Combat
  4452 | D:4      | Killed Dowan
  4453 | D:4      | Reached skill level 3 in Invocations
  4501 | D:4      | Reached **** piety under Zin
  4664 | D:4      | Found a stormy altar of Qazlal.
  4730 | D:4      | Reached XP level 8. HP: 75/75 MP: 9/9
  4743 | D:4      | Reached ***** piety under Zin
  4831 | D:4      | Noticed Eustachio
  4843 | D:4      | Killed Eustachio
  4844 | D:4      | Reached skill level 4 in Invocations
  5099 | D:5      | Entered Level 5 of the Dungeon
  5129 | D:5      | Reached skill level 9 in Unarmed Combat
  5166 | D:5      | Noticed Ijyb
  5175 | D:5      | Killed Ijyb
  5223 | D:5      | Found a sand-covered staircase.
  5238 | Ossuary  | Entered an ossuary
  5257 | Ossuary  | Reached skill level 5 in Invocations
  5711 | D:5      | Reached skill level 6 in Invocations
  5711 | D:5      | Reached XP level 9. HP: 44/81 MP: 12/12
  5897 | D:5      | Reached ****** piety under Zin
  5913 | D:5      | Reached skill level 10 in Unarmed Combat
  5955 | D:5      | Found an ornate altar of the Wu Jian Council.
  6347 | D:6      | Reached skill level 1 in Shields
  6438 | D:6      | Found Ochiob's Assorted Antiques.
  6561 | D:6      | Reached skill level 7 in Invocations
  6594 | D:6      | Found a staircase to the Ecumenical Temple.
  6849 | Temple   | Entered the Ecumenical Temple
  7015 | D:7      | Reached skill level 2 in Shields
  7320 | D:7      | Reached skill level 4 in Fighting
  7335 | D:7      | Found a burning altar of Makhleb.
  7336 | D:7      | Found a white marble altar of Elyvilon.
  7347 | D:7      | Found a glowing golden altar of the Shining One.
  7355 | D:7      | Found a hide-covered altar of Uskayaw.
  7358 | D:7      | Found a glowing silver altar of Zin.
  7535 | D:8      | Reached skill level 11 in Unarmed Combat
  7686 | D:8      | Noticed Jeremiah
  7711 | D:8      | Reached XP level 10. HP: 75/92 MP: 14/14
  7746 | D:8      | Killed Jeremiah
  7747 | D:8      | Reached skill level 3 in Shields
  7893 | D:8      | Noticed Psyche
  8001 | D:8      | Found a radiant altar of Vehumet.
  8008 | D:8      | Killed Psyche
  8041 | D:8      | Identified +0 steam dragon scales
  8172 | D:3      | Identified +0 shadow dragon scales
  8416 | D:9      | Found a staircase to the Orcish Mines.
  8536 | D:9      | Noticed a two-headed ogre
  8540 | D:9      | Killed a two-headed ogre
  8541 | D:9      | Reached skill level 4 in Shields
  8541 | D:9      | Reached skill level 8 in Invocations
  8550 | D:9      | Reached skill level 5 in Fighting
  8625 | D:9      | Found a bloodstained altar of Trog.
  8856 | D:9      | HP: 9/96 [gnoll sergeant/+2 spear of venom (6)]
  8857 | D:9      | Slain by a gnoll sergeant

Vanquished Creatures
  A two-headed ogre (D:9)
  Jeremiah (D:8)
  Psyche (D:8)
  Sigmund (D:2)
  A wyvern (D:9)
  A wraith (D:9)
  Eustachio (D:4)
  A steam dragon (D:8)
  3 yaks (D:5)
  2 water moccasins
  Duvessa (D:4)
  3 ice beasts
  A sky beast (D:7)
  An orc warrior (D:9)
  A black bear (D:7)
  6 centaurs
  2 ogres (D:5)
  2 kobold brigands (D:9)
  An elf zombie (D:5)
  A weeping skull (Ossuary)
  3 bullfrogs
  2 gnoll sergeants
  2 scorpions
  Dowan (D:4)
  A burial acolyte (Ossuary)
  4 killer bees (D:9)
  5 howler monkeys
  4 crimson imps (D:3)
  A centaur zombie (Ossuary)
  2 human zombies (D:5)
  2 jellies
  3 bombardier beetles
  2 gnoll boudas
  3 hounds
  An orc priest (D:9)
  Crazy Yiuf (D:3)
  A sleepcap (D:5)
  Jessica (D:2)
  An iguana (D:5)
  Ijyb (D:5)
  Natasha (thrice) (D:1)
  A human skeleton (D:5)
  5 orc wizards
  A statue (D:8)
  3 mummies (Ossuary)
  Robin (D:3)
  12 gnolls
  8 adders
  A white imp (D:8)
  4 ufetubi
  A dart slug (D:2)
  A ribbon worm (D:4)
  21 orcs
  4 ball pythons
  5 bats
  9 endoplasms
  A giant cockroach (D:2)
  A gnoll zombie (Ossuary)
  12 goblins
  12 hobgoblins
  2 jackals (D:2)
  3 kobolds
  4 quokkas
  7 frilled lizards
  3 kobold zombies (Ossuary)
  2 orc skeletons (D:5)
  3 orc zombies (Ossuary)
  4 rats
207 creatures vanquished.
